 Dungeon Crawl Stone Soup version 0.22-a0-283-g1871b15 (webtiles) character file.

77 grindst0ne the Sneak (level 4, -2/26 HPs)
             Began as a Kobold Enchanter on Mar 19, 2018.
             Killed from afar by an orc wizard (8 damage)
             ... with a magic dart
             ... on level 2 of the Dungeon.
             The game lasted 00:05:20 (1956 turns).

grindst0ne the Sneak (Kobold Enchanter)             Turns: 1956, Time: 00:05:21

Health: -2/26      AC:  2    Str:  5    XL:     4   Next: 58%
Magic:  2/7        EV: 15    Int: 16    God:
Gold:   123        SH:  0    Dex: 16    Spells: 1/7 levels left

rFire    . . .     SeeInvis .   a - +1 dagger
rCold    . . .     Gourm    .   (shield restricted)
rNeg     . . .     Faith    .   b - +0 robe
rPois    .         Spirit   .   (no helmet)
rElec    .         Reflect  .   (no cloak)
rCorr    .         Harm     .   (no gloves)
MR       .....                  (no boots)
Stlth    +++.......             (no amulet)
HPRegen  0.08/turn              (no ring)
MPRegen  0.10/turn              (no ring)

@: no status effects
A: small, carnivore
a: no special abilities


You were on level 2 of the Dungeon.
You were very full.

You visited 1 branch of the dungeon, and saw 3 of its levels.

You collected 123 gold pieces.

Inventory:

Hand Weapons
 a - a +1 dagger (weapon)
Armour
 b - a +0 robe (worn)
Scrolls
 c - 2 scrolls of remove curse {unknown}
 e - a scroll of enchant weapon {unknown}
 f - 3 scrolls of identify {unknown}
 h - a scroll of amnesia {unknown}
 j - a scroll of teleportation {unknown}
 k - a scroll of immolation {unknown}
 l - a scroll of magic mapping {unknown}
 p - a scroll of random uselessness {unknown}
Potions
 i - a potion of heal wounds {unknown}
 m - a potion of flight {unknown}
 n - a potion of magic {unknown}
 q - a potion of agility {unknown}
 r - a potion of invisibility {unknown}
Comestibles
 d - 6 rations


   Skills:
 + Level 1.8 Fighting
 - Level 3.0 Short Blades
 - Level 2.4 Dodging
 + Level 4.9 Stealth
 - Level 2.1 Spellcasting
 + Level 3.5 Hexes


You had one spell level left.
You knew the following spells:

 Your Spells              Type           Power        Failure   Level  Hunger
a - Corona                Hex            ##.....      4%          1    #......
b - Ensorcelled Hibernat  Hex/Ice        #.....       14%         2    ###....
c - Confuse               Hex            ##......     14%         3    ###....


Dungeon Overview and Level Annotations

Branches:
Dungeon (3/15)

Altars:


Innate Abilities, Weirdness & Mutations

You are small and have problems with some larger weapons.
You are carnivorous and can eat meat at any time.


Message History

* * * LOW HITPOINT WARNING * * *
You feel better. The orc wizard casts a spell at you.
You are confused.
You bump into the rock wall.
Your magical contamination has completely faded away.
You're too confused to move!
You're too confused to move!
The orc wizard completely misses you.
The orc wizard mumbles some strange words.
The orc wizard flickers and vanishes!
Deactivating autopickup; reactivate with Ctrl-A.
You bump into the rock wall.
You feel less confused.
You see here 6 sling bullets.
A magic dart appears from out of thin air!
The magic dart hits you!
* * * LOW HITPOINT WARNING * * *
A magic dart appears from out of thin air!
The magic dart hits you!
You die...

#[.############.## ##.#
#.......###.# ##.# #.......# ##.
#..# #.......##### #.##
#.......##... #.# #.......##..#
#.# #.......##..# #.#
#.......##..#
####@#######.#####..# #
#..............###... ##
#####.##.##(#..#.#....... .##
#o..o....##.#..#....###.# #.##
#.###.#.....#..#....# #..
##.######(###.#..##.#.......###..
#.......o....#.......##.##......
##.######.##....[.............##.
#.## ####.......########.##.####.


You could see an orc.

Vanquished Creatures
  2 adders (D:2)
  3 oozes (D:2)
  11 goblins
  5 hobgoblins
  7 jackals (D:1)
  2 bats (D:1)
  A frilled lizard (D:2)
  5 kobolds
  7 rats (D:2)
43 creatures vanquished.

Notes
Turn   | Place    | Note
-------+----------+-------------------------------------------
     0 | D:1      | grindst0ne the Kobold Enchanter began the quest for the Orb.
     0 | D:1      | Reached XP level 1. HP: 10/10 MP: 3/3
   124 | D:1      | Reached XP level 2. HP: 9/16 MP: 5/5
   140 | D:1      | Learned a level 2 spell: Ensorcelled Hibernation
   660 | D:1      | Reached skill level 1 in Fighting
   670 | D:1      | Reached XP level 3. HP: 17/20 MP: 1/6
   956 | D:1      | Learned a level 3 spell: Confuse
  1260 | D:2      | Found a faded altar of an unknown god.
  1291 | D:2      | Reached XP level 4. HP: 21/25 MP: 0/7
  1956 | D:2      | Killed from afar by an orc wizard

Vault maps used:
D:1:      lightli_arrival_statue_moat
D:2:      chequers_ecumenical_altar_simple, hangedman_decor_growths
D:3:      serial_undead, serial_undead_e, serial_undead_d, serial_undead_c,
          serial_undead_e, serial_undead_e, serial_undead_e, uniq_jessica,
          uniq_natasha

Skill      XL: |  1  2  3  4 |
---------------+-------------+-----
Short Blades   | 2 3 |  3.0
Fighting       | 1 |  1.8
Dodging        | |  2.4
Stealth        | |  4.9
Spellcasting   | |  2.1
Hexes          | |  3.5

Action                   |  1- 3 |  4- 6 || total
-------------------------+-------+-------++-------
Melee: Dagger            |    99 |    17 ||   116
 Cast: Corona            |     6 |       ||     6
       Ensorcelled Hiber |    16 |     4 ||    20
  Use: Potion            |       |     2 ||     2
 Stab: Sleeping          |    14 |     9 ||    23
  Eat: Chunk             |    10 |     2 ||    12
Armor: Robe              |    13 |     2 ||    15
Dodge: Dodged            |   103 |    18 ||   121

Table legend:
 A = Spawn XP
 B = Non-spawn XP
 C = Spawn XP percentage of total XP
 D = Spawn monster count
 E = Non-spawn monster count
 F = Spawn count percentage of total count
 G = Total turns spent on level
                    A         B        C        D         E        F      G
               +---------+---------+-------+---------+---------+-------+---------
         Total |       0 |     110 |   0.0 |       0 |      43 |   0.0 |  1956
               +---------+---------+-------+---------+---------+-------+---------
           D:1 |       0 |      36 |   0.0 |       0 |      20 |   0.0 |  1132
           D:2 |       0 |      74 |   0.0 |       0 |      23 |   0.0 |   818
               +---------+---------+-------+---------+---------+-------+---------
